 Dungeon Crawl Stone Soup version 0.30.1-11-g7821555f0a (webtiles) character file.

Game seed: 11977965660250484208

815 SacredBeard the Reanimator (level 7, -3/78 HPs)
             Began as a Demonspawn Necromancer on Nov 25, 2023.
             Slain by a mummy (8 damage)
             ... in an ossuary.
             The game lasted 00:18:22 (5383 turns).

SacredBeard the Reanimator (Demonspawn Necromancer) Turns: 5383, Time: 00:18:22

Health: -3/78      AC: 23    Str:  8    XL:     7   Next: 62%
Magic:  10/10      EV:  2    Int: 19    God:
Gold:   203        SH:  0    Dex: 13    Spells: 9/10 levels left

rFire   . . .        k - +0 short sword
rCold   . . .        (no shield)
rNeg    . . .        A - melded +2 robe {Will+}
rPois   +            (helmet currently unavailable)
rElec   .            p - melded +0 cloak
rCorr   .            i - melded +0 pair of gloves
SInv    .            (boots currently unavailable)
Will    .....        (no amulet)
Stlth   ++           (no ring)
HPRegen 0.33/turn    (no ring)
MPRegen 0.12/turn

%: no passive effects
@: mighty, tree-form
A: stationary, stasis, torment immunity, boosted hp, (hooves 1), (slimy green
scales 2), demonic magic 1
a: no special abilities


You were in an ossuary.
You were a tree.
You visited 1 branch of the dungeon, and saw 4 of its levels.
You also visited: Sewer and Ossuary.

You collected 203 gold pieces.

Inventory:

Hand Weapons
 h - a +0 spear
 k - a +0 short sword (weapon)
Missiles
 e - 7 stones
Armour
 i - a +0 pair of gloves (melded)
 p - a +0 cloak (melded)
 A - a +2 robe of willpower (melded)
Scrolls
 l - a scroll of amnesia {unknown}
 n - a scroll of poison {unknown}
 o - a scroll of fear {unknown}
 q - a scroll of acquirement {unknown}
 r - a scroll of noise {unknown}
 t - a scroll of fog {unknown}
 v - 3 scrolls of blinking
 w - 3 scrolls of teleportation {unknown}
 x - a scroll of magic mapping {unknown}
 y - a scroll of enchant armour {unknown}
Potions
 a - a potion of lignification
 b - a potion of magic
 c - 2 potions of degeneration
 f - 2 potions of might
 g - a potion of heal wounds {unknown}
 j - 2 potions of curing {unknown}
 s - a potion of flight {unknown}
 u - 2 potions of haste {unknown}
 z - a potion of brilliance {unknown}


   Skills:
 - Level 3.0 Fighting
 - Level 2.0 Throwing
 - Level 2.0 Armour
 - Level 2.0 Dodging
 - Level 3.0 Stealth
 - Level 2.0 Spellcasting
 * Level 8.5 Necromancy


You had 9 spell levels left.
You knew the following spells:

 Your Spells              Type           Power      Damage    Failure   Level
a - Necrotise             Necr           100%       1d9       1%          1

Your spell library contained the following spells:

 Spells                   Type           Power      Damage    Failure   Level
 Vampiric Draining        Necr           34%        2d8       1%          3
 Animate Dead             Necr           34%        N/A       4%          4
 Agony                    Necr           34%        N/A       14%         5
 Slow                     Hex            4%         N/A       17%         1
 Confusing Touch          Hex            1%         N/A       45%         3


Dungeon Overview and Level Annotations

Branches:
Dungeon (4/15) Zot: 20908   Sewer (visited)         Ossuary (1/1) Zot: 4772
 Temple: D:4-7

Altars:
Ashenzari
Dithmenos
Wu Jian

Annotations:
Ossuary Menkaure


Innate Abilities, Weirdness & Mutations

You are a tree.
Your roots penetrate the ground, keeping you stationary.
You cannot be teleported.
You are immune to unholy pain and torment.
Your maximum health is greatly increased.
Your equipment is partially melded.
((You have large cloven feet.))
((You are mostly covered in slimy green scales. (AC +3)))
Spells you cast may paralyse adjacent enemies.


Message History

Menkaure is moderately damaged.
Menkaure hits you!
You completely miss Menkaure.
Menkaure is moderately damaged.
Menkaure hits you!
You barely miss Menkaure.
Menkaure is moderately damaged.
Menkaure hits you but does no damage.
You hit Menkaure.
Menkaure is heavily damaged.
Menkaure hits you but does no damage. The mummy hits you.
Menkaure barely misses you.
You closely miss Menkaure.
Menkaure is heavily damaged.
Menkaure hits you but does no damage.
You barely miss Menkaure.
Menkaure is heavily damaged.
Menkaure hits you but does no damage. The mummy hits you!
You feel very mighty all of a sudden. Menkaure hits you but does no damage.
You hit Menkaure.
Menkaure is heavily damaged.
Menkaure hits you. The mummy hits you but does no damage.
You hit Menkaure.
Menkaure is severely damaged.
Menkaure whispers in an indecipherable tongue.
Menkaure hits you!
* * * LOW HITPOINT WARNING * * *
The mummy hits you but does no damage.
Menkaure shrieks, "Why can't you leave me to my rest?"
Menkaure hits you but does no damage.
You hit Menkaure.
Menkaure is almost destroyed.
Menkaure hits you but does no damage.
You closely miss Menkaure.
Menkaure is almost destroyed.
Menkaure hits you.
* * * LOW HITPOINT WARNING * * *
The mummy hits you!
You die...

#...................
#..#####'###'###'###
#..#...#...#...#...#
#..#.########'##'###
#..'.#....#....#....
#..###....#....#....
#..#.'....#....#....
#..#M#....#....#....
#..♣.###############
#.M###....# .....
#..#.#....#......
#..#.'....M..M??!
#..'.#....#../!$!
#..######## .!MM$
#..#.#....#


!?$? #..#.#....# !?! #..'.'....# .. You could see Menkaure (fast) and a mummy.

Vanquished Creatures
  An ogre (D:4)
  2 bullfrogs (Sewer)
  A scorpion (D:4)
  A howler monkey (D:3)
  4 centaur zombies (Ossuary)
  An orc wizard (D:4)
  An ogre zombie (Ossuary)
  5 mummies
  A gnoll (D:1)
  7 adders (Sewer)
  3 river rats (Sewer)
  3 adder zombies (Ossuary)
  A worm (D:2)
  2 dart slugs (D:2)
  4 orcs (D:4)
  4 bats (D:1)
  9 endoplasms
  2 giant cockroaches
  6 goblins
  6 hobgoblins
  4 jackals (D:2)
  6 kobolds
  4 quokkas
  14 ball pythons
  5 frilled lizards
  A goblin zombie (Ossuary)
  3 hobgoblin zombies (Ossuary)
  5 kobold zombies (Ossuary)
  An orc zombie (Ossuary)
  6 quokka zombies (Ossuary)
  31 rats
  6 rat zombies (Ossuary)
150 creatures vanquished.

Vanquished Creatures (collateral kills)
  2 adders (Sewer)
  A giant cockroach (D:3)
  A hobgoblin (D:3)
  4 ball pythons (Sewer)
  A kobold (D:1)
  8 rats (Sewer)
17 creatures vanquished.

Grand Total: 167 creatures vanquished

Notes
Turn   | Place    | Note
-------+----------+-------------------------------------------
     0 | D:1      | SacredBeard the Demonspawn Necromancer began the quest for
                  | the Orb.
     0 | D:1      | Reached XP level 1. HP: 13/13 MP: 3/3
   260 | D:1      | Gained mutation: You are partially covered in slimy green
                  | scales. (AC +2) [demonic ancestry]
   260 | D:1      | Reached XP level 2. HP: 19/19 MP: 0/5
   798 | D:1      | Reached XP level 3. HP: 25/25 MP: 4/6
  1496 | D:2      | Reached skill level 1 in Fighting
  1496 | D:2      | Reached skill level 5 in Necromancy
  1546 | D:2      | Reached skill level 1 in Armour
  1992 | D:3      | Reached skill level 1 in Throwing
  1992 | D:3      | Reached XP level 4. HP: 32/32 MP: 1/7
  2057 | D:3      | Found an ornate altar of the Wu Jian Council.
  2092 | D:3      | Found a shadowy altar of Dithmenos.
  2349 | D:3      | Found a glowing drain.
  2353 | Sewer    | Entered a sewer
  2684 | Sewer    | Gained mutation: Spells you cast may paralyse adjacent
                  | enemies. [demonic ancestry]
  2684 | Sewer    | Reached XP level 5. HP: 37/37 MP: 4/8
  3250 | Sewer    | Gained mutation: You have large cloven feet. [demonic
                  | ancestry]
  3250 | Sewer    | Reached XP level 6. HP: 37/44 MP: 0/9
  3260 | Sewer    | Reached skill level 6 in Necromancy
  3948 | D:4      | Found a broken altar of Ashenzari.
  4130 | D:4      | Reached skill level 7 in Necromancy
  4130 | D:4      | Gained mutation: You are mostly covered in slimy green
                  | scales. (AC +3) [demonic ancestry]
  4130 | D:4      | Reached XP level 7. HP: 52/52 MP: 0/10
  4144 | D:4      | Found a sand-covered staircase.
  4156 | Ossuary  | Entered an ossuary
  4611 | Ossuary  | Reached skill level 8 in Necromancy
  4840 | Ossuary  | Noticed Menkaure
  5383 | Ossuary  | Slain by a mummy

Illustrated notes

Levels and vault maps discovered:
D:1:      ebering_trefoil_3fold, layout_basic
D:2:      layout_loops_ring, nicolae_underground_beach
D:3:      layout_loops_ring, nicolae_dithmenos_through_a_glass_darkly,
          mainiacjoe_overflow_concentric_impassable, gup_sewer_entry_bowl
D:4:      black_bear_nest_2, layout_cave_pools, mainiacjoe_overflow_boulevard,
          gup_ossuary_entry_pyramid, serial_shops, nicolae_shop_statue_plus,
          serial_glass, glass_columns_c, glass_columns_b,
          minmay_stone_trees_small, minmay_quantized
Ossuary:  ossuary_boxes_badplayer

Skill      XL: |  1  2  3  4  5  6  7 |
---------------+----------------------+-----
Dodging        | 2 |  2.0
Stealth        | 2 3 |  3.0
Fighting       | 1 2 3 |  3.0
Necromancy     | 5 7 8 |  8.5
Armour         | 1 2 |  2.0
Throwing       | 1 2 |  2.0
Spellcasting   | |  2.0

Action                     |  1- 3 |  4- 6 |  7- 9 || total
---------------------------+-------+-------+-------++-------
  Melee: Unarmed           |     5 |       |       ||     5
         Dagger            |     2 |       |       ||     2
         Short sword       |    17 |    21 |   234 ||   272
         Kick              |       |     5 |    93 ||    98
         Punch             |       |     1 |     4 ||     5
  Throw: Stone             |       |     5 |     8 ||    13
   Cast: Necrotise         |    77 |   137 |     1 ||   215
    Use: Potion            |       |     1 |     2 ||     3
         Scroll            |       |       |     4 ||     4
   Stab: Paralysed         |       |     7 |       ||     7
         Sleeping          |       |       |    10 ||    10
 Armour: Robe              |     3 |       |    88 ||    91
         Leather armour    |    11 |    39 |       ||    50
         Skin              |       |       |    10 ||    10
  Dodge: Dodged            |    20 |    71 |   131 ||   222
